 Dungeon Crawl Stone Soup version 0.30-a0-219-gf2db51d15e (webtiles) character file.

Game seed: 14204125271521018013

24696 Decritt the Covert (level 12, -15/63 HPs)
             Began as a Spriggan Enchanter on Oct 7, 2022.
             Was a Priest of Dithmenos.
             Demolished by a +4 long sword (20 damage)
             ... on level 14 of the Dungeon.
             The game lasted 00:45:37 (14624 turns).

Decritt the Covert (Spriggan Enchanter)            Turns: 14624, Time: 00:45:37

Health: -15/63     AC: 16    Str:  4    XL:     12   Next: 82%
Magic:  28/28      EV: 27    Int: 17    God:    Dithmenos [***...]
Gold:   747        SH:  5    Dex: 20    Spells: 22/33 levels left

rFire   . . .      SeeInvis +    q - +5 rapier (elec)
rCold   . . .      Faith    .    (no shield)
rNeg    . . .      Spirit   .    I - +4 steam dragon scales
rPois   +          Reflect  +    (helmet restricted)
rElec   .          Harm     .    F - +2 cloak
rCorr   .          Rampage  .    (gloves unavailable)
Will    ++...                    (boots unavailable)
Stlth   +++++++++.               n - amulet of reflection
HPRegen 0.30/turn                G - +4 ring of protection
MPRegen 0.21/turn                f - ring of poison resistance

@: about to teleport, wreathed by umbra, very quick
A: very small, no large weapons, unfitting armour, see invisible, speed 3
a: Renounce Religion, Shadow Step


You were on level 14 of the Dungeon.
You worshipped Dithmenos.
Dithmenos was most pleased with you.
You visited 2 branches of the dungeon, and saw 15 of its levels.

You collected 747 gold pieces.

Inventory:

Hand Weapons
 a - a +1 dagger
 e - a +1 dagger of protection
 i - a +2 dagger of speed
 q - a +5 rapier of electrocution (weapon)
Armour
 b - a +0 robe
 h - a scarf of harm
 F - a +2 cloak (worn)
 I - +4 steam dragon scales (worn)
Jewellery
 f - a ring of poison resistance (right hand)
 m - a ring of flight
 n - an amulet of reflection (around neck)
 v - a +6 ring of strength
 D - an amulet of the acrobat
 G - a +4 ring of protection (left hand)
 K - a ring of wizardry
 M - an amulet of guardian spirit
 O - a ring of ice
Wands
 s - a wand of roots (19)
 z - a wand of flame (14)
 B - a wand of polymorph (8)
 J - a wand of charming (7)
 N - a wand of digging (7)
Scrolls
 r - 3 scrolls of identify
 t - 5 scrolls of teleportation
 y - 3 scrolls of amnesia
 E - 2 scrolls of fear
 H - a scroll of magic mapping
 L - a scroll of summoning
 P - a scroll of poison
Potions
 c - 2 potions of invisibility
 d - 3 potions of berserk rage
 g - 4 potions of flight
 l - a potion of cancellation
 o - 3 potions of attraction
 p - 2 potions of brilliance
 u - 2 potions of haste
 w - a potion of curing
 x - 2 potions of resistance
 A - 2 potions of degeneration
 C - 3 potions of mutation


   Skills:
 + Level 7.4 Fighting
 + Level 9.9 Short Blades
 + Level 12.1 Dodging
 + Level 14.5 Stealth
 + Level 11.1 Spellcasting
 + Level 11.4 Hexes


You had 22 spell levels left.
You knew the following spells:

 Your Spells              Type           Power      Damage    Failure   Level
a - Confusing Touch       Hex            48%        N/A       1%          3
b - Dazzling Flash        Conj/Hex       56%        N/A       2%          3
c - Ensorcelled Hibernat  Hex/Ice        56%        N/A       1%          2
d - Tukima's Dance        Hex            48%        N/A       1%          3

Your spell library contained the following spells:

 Spells                   Type           Power      Damage    Failure   Level
 Magic Dart               Conj           36%        1d4       8%          1
 Call Imp                 Summ           9%         N/A       12%         2
 Cigotuvi's Dreadful Rot  Necr/Pois/Air  18%        N/A       12%         2
 Gell's Gravitas          Tloc           9%         N/A       22%         3
 Lesser Beckoning         Tloc           18%        N/A       22%         3
 Mephitic Cloud           Conj/Pois/Air  9%         N/A       22%         3
 Teleport Other           Tloc           9%         N/A       22%         3
 Animate Dead             Necr           9%         N/A       58%         4
 Dispel Undead            Necr           9%         3d8       58%         4
 Death Channel            Necr           4%         N/A       100%        6
 Dispersal                Tloc           4%         N/A       100%        6
 Haunt                    Necr/Summ      4%         N/A       100%        7
 Infestation              Necr           4%         N/A       100%        8


Dungeon Overview and Level Annotations

Branches:
Dungeon (14/15)            Temple (1/1) D:6            Lair (0/5) D:10
    Orc (0/2) D:11         Vaults (0/5) D:13

Altars:
Ashenzari
Cheibriados
Dithmenos
Elyvilon
Fedhas
Gozag
Hepliaklqana
Kikubaaqudgha
Makhleb
Nemelex Xobeh
Okawaru
Qazlal
Ru
Sif Muna
Trog
Uskayaw
Vehumet
Wu Jian
Xom
Yredelemnul
Zin
The Shining One

Shops:
D:8 :

Annotations:
D:2 Sigmund
D:8 1 runed translucent door, BlueGoblin's ghost, novice SpHu
D:11 3 runed translucent doors, Essalna's ghost, novice DsBe


Innate Abilities, Weirdness & Mutations

You are very small and have problems with some larger weapons.
You are too small for most types of armour.
You have supernaturally acute eyesight. (SInv)
You cover ground extremely quickly. (Speed+++)


Message History

The +4 long sword hits you!
* * * LOW HITPOINT WARNING * * *
You hit the +4 long sword.
The +4 long sword is moderately damaged.
The +4 long sword hits you but does no damage.
You puncture the +4 long sword!
The +4 long sword is heavily damaged.
The +4 long sword hits you!
* * * LOW HITPOINT WARNING * * *
The +4 long sword hits you.
* * * LOW HITPOINT WARNING * * *
You feel much better.
The +4 long sword hits you but does no damage.
You feel better.
The +4 long sword hits you but does no damage.
The +4 long sword hits you!
* * * LOW HITPOINT WARNING * * *
You hit the +4 long sword but do no damage.
The +4 long sword is heavily damaged.
The +4 long sword hits you!
* * * LOW HITPOINT WARNING * * *
You feel much better. You block the +4 long sword's attack.
Your magical effects are unravelling.
You feel magically purged.
You feel less wooden.
Your +2 cloak unmelds from your body.
Your +4 steam dragon scales unmelds from your body.
The +4 long sword hits you but does no damage.
The +4 long sword hits you!
* * * LOW HITPOINT WARNING * * *
Okay, then.
Casting: Ensorcelled Hibernation (safe; 1% risk of failure)
Confirm with . or Enter, or press ? or * to list all spells.
Okay, then.
Okay, then.
As you read the scroll of teleportation, it crumbles to dust.
You feel strangely unstable. The +4 long sword hits you.
* * * LOW HITPOINT WARNING * * *
The +4 long sword hits you!!
You die...

################
#..<...(@.......
#...############
#...# #...#
#...# #...#
#...# .....


You could see a +4 long sword.

Vanquished Creatures
  Kirke (D:12)
  Josephine (D:11)
  Fannar (D:12)
  A hydra (D:13)
  3 two-headed ogres
  4 boulder beetles
  2 centaur warriors (D:13)
  Urug (D:12)
  A fire crab (shapeshifter) (D:13)
  3 manticores
  A cyclops (D:13)
  A molten gargoyle (D:13)
  Joseph (D:7)
  3 unseen horrors
  A gargoyle (D:13)
  A komodo dragon (D:9)
  2 trolls
  A hornet (D:9)
  4 wraiths (D:11)
  A vampire (D:12)
  Eustachio (D:4)
  31 yaks
  A fire elemental (D:13)
  4 wyverns
  2 vampire mosquitoes (D:12)
  A steam dragon (D:9)
  A water moccasin (D:13)
  2 acid dragons (D:11)
  2 ice beasts
  6 orc warriors
  3 black bears
  A sky beast (D:7)
  8 centaurs
  An ogre (D:5)
  2 kobold brigands
  A phantom (D:5)
  Blork the orc (D:6)
  2 bullfrogs (D:8)
  A gnoll sergeant (D:13)
  2 necrophages
  2 scorpions
  2 wights (D:10)
  5 killer bees (D:9)
  A vampire bat (D:3)
  A howler monkey (D:13)
  A jelly (D:6)
  A lava snake (D:13)
  6 orc priests
  6 hounds
  12 orc wizards
  Crazy Yiuf (D:5)
  3 gnolls (D:13)
  10 adders
  3 shadow imps
  5 white imps
  5 worms
  3 dart slugs
  3 fire bats (D:3)
  26 orcs
  2 spectral bats (D:3)
  3 bat skeletons (D:3)
  A bat zombie (D:3)
  12 endoplasms
  4 giant cockroaches
  9 goblins
  8 hobgoblins
  4 jackals
  7 quokkas
  6 ball pythons
  15 bats
  A bat simulacrum (D:3)
  4 frilled lizards
  16 kobolds
  2 rats (D:2)
  A fire vortex (D:13)
298 creatures vanquished.

Vanquished Creatures (collateral kills)
  A two-headed ogre (D:11)
  A wight (D:10)
2 creatures vanquished.

Vanquished Creatures (others)
  3 dancing weapons
  A human (D:12)
  2 fungi (D:8)
  8 plants
14 creatures vanquished.

Grand Total: 314 creatures vanquished

Notes
Turn   | Place    | Note
-------+----------+-------------------------------------------
     0 | D:1      | Decritt the Spriggan Enchanter began the quest for the Orb.
     0 | D:1      | Reached XP level 1. HP: 9/9 MP: 5/5
   168 | D:1      | Reached XP level 2. HP: 6/13 MP: 6/6
   562 | D:1      | Reached XP level 3. HP: 17/17 MP: 8/8
   660 | D:1      | Found a faded altar of an unknown god.
  1063 | D:2      | Noticed Sigmund
  1166 | D:2      | Reached skill level 5 in Stealth
  1302 | D:2      | Reached skill level 1 in Fighting
  1555 | D:2      | Learned a level 3 spell: Confusing Touch
  1559 | D:2      | Learned a level 3 spell: Dazzling Flash
  1562 | D:2      | Learned a level 2 spell: Ensorcelled Hibernation
  2034 | D:3      | Reached XP level 4. HP: 22/22 MP: 5/10
  2175 | D:3      | Reached XP level 5. HP: 25/25 MP: 8/11
  2678 | D:3      | Reached XP level 6. HP: 29/30 MP: 11/13
  3478 | D:4      | Reached skill level 6 in Stealth
  3478 | D:4      | Reached skill level 5 in Hexes
  3578 | D:4      | Found a burning altar of Makhleb.
  3634 | D:4      | Noticed Eustachio
  3655 | D:4      | Killed Eustachio
  3656 | D:4      | Reached XP level 7. HP: 31/35 MP: 10/15
  3735 | D:4      | Learned a level 3 spell: Tukima's Dance
  3762 | D:4      | Reached skill level 5 in Dodging
  3928 | D:4      | Found a blossoming altar of Fedhas.
  3977 | D:5      | Entered Level 5 of the Dungeon
  3992 | D:5      | Found a shimmering blue altar of Sif Muna.
  4092 | D:5      | Reached skill level 7 in Stealth
  4092 | D:5      | Reached skill level 5 in Spellcasting
  4189 | D:5      | Found a runed translucent door.
  4190 | D:5      | Noticed Crazy Yiuf
  4252 | D:5      | Found a snail-covered altar of Cheibriados.
  4296 | D:5      | Found an opulent altar of Gozag.
  4699 | D:5      | Reached XP level 8. HP: 31/39 MP: 16/16
  4957 | D:5      | Killed Crazy Yiuf
  5094 | D:6      | Found a staircase to the Ecumenical Temple.
  5101 | Temple   | Entered the Ecumenical Temple
  5159 | Temple   | Became a worshipper of Dithmenos the Shadowed
  5974 | D:6      | Noticed Blork the orc
  5976 | D:6      | Killed Blork the orc
  5977 | D:6      | Reached skill level 8 in Stealth
  6043 | D:6      | Found a stormy altar of Qazlal.
  6682 | D:7      | Reached skill level 5 in Short Blades
  7350 | D:7      | Reached XP level 9. HP: 29/45 MP: 16/19
  7435 | D:7      | Noticed Joseph
  7440 | D:7      | Killed Joseph
  7505 | D:7      | Found an ornate altar of the Wu Jian Council.
  8072 | D:8      | Identified the +4 trident of Plunder {freeze, Fragile rElec
                  | rN+}
  8072 | D:8      | Found a runed translucent door.
  8074 | D:8      | Noticed BlueGoblin's ghost (novice SpHu)
  8079 | D:8      | Noticed a two-headed ogre
  8103 | D:8      | Reached skill level 9 in Stealth
  8155 | D:8      | Found a hide-covered altar of Uskayaw.
  8250 | D:8      | Found Surghush's Book Shoppe.
  8490 | D:8      | Killed a two-headed ogre
  8650 | D:8      | Reached * piety under Dithmenos
  8653 | D:8      | Reached skill level 10 in Stealth
  8664 | D:8      | Reached XP level 10. HP: 51/51 MP: 22/22
  9007 | D:9      | Found a shimmering altar of Xom.
  9011 | D:9      | Found a shimmering altar of Xom.
  9011 | D:9      | Found a shimmering altar of Xom.
  9052 | D:9      | Found a shimmering altar of Xom.
  9052 | D:9      | Found a shimmering altar of Xom.
  9380 | D:9      | Reached skill level 5 in Fighting
 10105 | D:9      | Reached skill level 11 in Stealth
 10516 | D:9      | Noticed a cane toad
 10596 | D:10     | Entered Level 10 of the Dungeon
 10596 | D:10     | Found a staircase to the Lair.
 10856 | D:10     | Reached ** piety under Dithmenos
 11017 | D:10     | Reached XP level 11. HP: 44/56 MP: 24/24
 11274 | D:10     | Noticed a two-headed ogre
 11310 | D:10     | Killed a two-headed ogre
 11330 | D:10     | Reached skill level 12 in Stealth
 11663 | D:11     | Noticed Josephine
 11693 | D:11     | Reached skill level 10 in Dodging
 11769 | D:11     | Found a staircase to the Orcish Mines.
 11783 | D:11     | Noticed Essalna's ghost (novice DsBe)
 11802 | D:11     | Noticed a minotaur
 11872 | D:11     | Killed Josephine
 11875 | D:11     | Noticed a two-headed ogre
 11896 | D:11     | Killed a two-headed ogre
 12012 | D:11     | Noticed a two-headed ogre
 12019 | D:11     | Killed a two-headed ogre
 12025 | D:11     | Found a runed translucent gate.
 12025 | D:11     | Found a runed translucent gate.
 12027 | D:11     | Found a runed translucent gate.
 12215 | D:11     | Reached skill level 10 in Hexes
 12453 | D:12     | Noticed a boulder beetle
 12467 | D:12     | Killed a boulder beetle
 12640 | D:12     | Noticed Fannar
 12640 | D:12     | Noticed Urug
 12646 | D:12     | Killed Fannar
 12654 | D:12     | Killed Urug
 12655 | D:12     | Reached skill level 13 in Stealth
 12750 | D:12     | Noticed a boulder beetle
 12755 | D:12     | Killed a boulder beetle
 12756 | D:12     | Reached skill level 10 in Spellcasting
 12938 | D:12     | Reached XP level 12. HP: 62/62 MP: 27/27
 13040 | D:12     | Noticed Kirke
 13058 | D:12     | Killed Kirke
 13183 | D:12     | Reached *** piety under Dithmenos
 13490 | D:12     | Noticed a boulder beetle
 13497 | D:12     | Killed a boulder beetle
 13731 | D:13     | Noticed a centaur warrior
 13732 | D:13     | Noticed a centaur warrior
 13737 | D:13     | Noticed a seven-headed hydra
 13738 | D:13     | Killed a centaur warrior
 13742 | D:13     | Killed a centaur warrior
 13743 | D:13     | Reached skill level 14 in Stealth
 13821 | D:13     | Killed a seven-headed hydra
 14402 | D:13     | Noticed a boulder beetle
 14410 | D:13     | Killed a boulder beetle
 14560 | D:13     | Noticed a centaur warrior
 14561 | D:13     | Found a gate to the Vaults.
 14595 | D:14     | HP: 1/63 [+4 long sword (21)]
 14618 | D:14     | HP: 3/94 [+4 long sword (5)]
 14624 | D:14     | Demolished by a +4 long sword

Illustrated notes

Levels and vault maps discovered:
D:1:      evilmike_arrival_fibonacci_small, layout_rooms,
          shapermc_ecumenical_altar_totnotflames, nicolae_wormholes
D:2:      layout_loops_cross, uniq_sigmund
D:3:      minmay_chambers_of_threes, layout_rooms, minmay_misc_feat_roman,
          goddamned_bats
D:4:      layout_rooms, lemuel_coloured_pillars_altar,
          mainiacjoe_overflow_catwalk, uniq_eustachio
D:5:      layout_loops_corners, mainiacjoe_overflow_brackets,
          mainiacjoe_overflow_catch_the_wave, hangedman_abyss_or_decor_stabs,
          grunt_decor_mini_mirrors, uniq_crazy_yiuf_cottage
D:6:      layout_basic, grunt_qazlal_clouds, minmay_temple_entry_hall,
          uniq_blork_the_orc
D:7:      layout_basic, nicolae_wu_jian_glorious_leap, skrybe_limestone_x,
          uniq_joseph
D:8:      layout_rooms, nicolae_uskayaw_dance_hall, serial_shops, shop,
          ebering_ghost_funeral_grove
D:9:      layout_layer_cave, xom_shifter_show
D:10:     layout_rooms, lair_entry_dummy
D:11:     layout_irregular_city, orc_0_dummy, maelrawn_ghost_gauntlet_escape,
          uniq_josephine
D:12:     layout_stronghold, nicolae_figureground_sparkle, uniq_fannar,
          uniq_kirke, uniq_urug
D:13:     layout_big_octagon, erik_vaults_1, introduction_to_nature_2
D:14:     layout_long_grid, corexii_hall_statues_l
Temple:   nicolae_temple_figure_eight

Skill      XL: |  1  2  3  4  5  6  7  8  9 10 11 12 |
---------------+-------------------------------------+-----
Spellcasting   | 3 4 5 6 7 8 10 11 | 11.1
Dodging        | 3 4 5 6 8 9 11 12 | 12.1
Hexes          | 4 5 6 8 9 10 11 | 11.4
Stealth        | 5 6 7 8 10 11 13 14 | 14.5
Fighting       | 1 2 3 4 5 6 7 |  7.4
Short Blades   | 2 3 4 5 6 7 8 9 |  9.9

Action                   |  1- 3 |  4- 6 |  7- 9 | 10-12 || total
-------------------------+-------+-------+-------+-------++-------
Melee: Dagger            |    95 |   264 |       |       ||   359
       Punch             |     1 |     2 |     1 |    11 ||    15
       Rapier            |       |       |   150 |   469 ||   619
Throw: Dart              |    59 |     2 |       |       ||    61
 Cast: Ensorcelled Hiber |     4 |     8 |    27 |    75 ||   114
       Confusing Touch   |     1 |       |     4 |     9 ||    14
       Tukima's Dance    |       |       |     2 |    13 ||    15
  Use: Scroll            |     5 |     4 |    13 |     8 ||    30
       Potion            |       |       |       |     8 ||     8
 Stab: Sleeping          |     3 |    18 |    31 |    52 ||   104
       Confused          |     1 |       |     2 |     7 ||    10
       Distracted        |       |       |       |     1 ||     1
Armor: Robe              |     9 |    31 |    12 |       ||    52
       Steam dragon scal |       |       |       |    43 ||    43
       Skin              |       |       |       |     7 ||     7
Dodge: Dodged            |    62 |   217 |    80 |   440 ||   799
Block: Other             |       |     9 |    21 |    90 ||   120
       Reflection        |       |       |       |    14 ||    14

Table legend: (Time is in decaauts)
 A = Elapsed time spent in this place.
 B = Non-inter-level travel time spent in this place.
 C = Inter-level travel time spent in this place.
 D = Time resting spent in this place.
 E = Time spent auto-exploring this place.
 F = Levels seen in this place.
 G = Mean time per level.
                   A        B        C        D        E       F      G
               +--------+--------+--------+--------+--------+-----+--------+
         Total |  10803 |  10630 |    173 |   2104 |   6218 |  15 |  720.2 |
       Dungeon |  10663 |  10498 |    165 |   2104 |   6090 |  14 |  761.6 |
        Temple |    139 |    132 |      7 |      0 |    128 |   1 |  139.0 |
               +--------+--------+--------+--------+--------+-----+--------+

Top non-repeatable levels by time:
     D:7: 1324 daAuts
     D:9: 1313 daAuts
     D:3: 1206 daAuts
    D:12: 1156 daAuts
     D:2: 818 daAuts
     D:6: 791 daAuts
    D:10: 672 daAuts
     D:5: 665 daAuts
    D:11: 653 daAuts
    D:13: 623 daAuts
     D:1: 537 daAuts
     D:8: 515 daAuts
     D:4: 360 daAuts
  Temple: 139 daAuts
    D:14: 25 daAuts
